 Dungeon Crawl Stone Soup version 0.32-a0-898-g7811c86cf0 (webtiles) character file.

Game seed: 7272350591473448649

210 nel the Ruffian (level 5, -2/42 HPs)
             Began as a Draconian Shapeshifter on Apr 4, 2024.
             Slain by a bullfrog (4 damage)
             ... in a sewer.
             The game lasted 00:10:28 (2425 turns).

nel the Ruffian (Draconian Shapeshifter)            Turns: 2425, Time: 00:10:28

Health: -2/42      AC:  5    Str: 19    XL:     5   Next: 57%
Magic:  5/5        EV:  1    Int:  8    God:
Gold:   164        SH:  0    Dex: 10    Spells: 4/4 levels left

rFire   + .          .
                       - Unarmed
rCold   . . .        (no shield)
rNeg    . . .        (body armour unavailable)
rPois   .            (helmet currently unavailable)
rElec   .            (cloak currently unavailable)
rCorr   .            (gloves currently unavailable)
SInv    .            (boots currently unavailable)
Will    .....        f - amulet of regeneration
Stlth   +            q - ring of protection from fire
HPRegen 1.07/turn    (no ring)
MPRegen 0.09/turn

%: no passive effects
@: beast-form, constricted
A: beast (slay +2), AC +5, unfitting armour, cold-blooded, talons 1, dopey 1,
mutation resistance 1, wild magic 1
a: Begin Untransformation


You were in a sewer.
You were a hulking beast.
You visited 1 branch of the dungeon, and saw 3 of its levels.
You also visited: Sewer.

You collected 164 gold pieces.

Inventory:

Missiles
 e - 11 poisoned darts (quivered)
Armour
 i - a +0 leather armour
 k - a +0 pair of gloves
Jewellery
 f - an amulet of regeneration (around neck)
 q - a ring of protection from fire (left hand)
Talismans
 b - a beast talisman (active)
 c - a flux talisman
Scrolls
 d - a scroll of silence {unknown}
 h - a scroll of fear {unknown}
 l - a scroll of immolation {unknown}
 m - a scroll of summoning {unknown}
 p - a scroll of vulnerability {unknown}
 r - a scroll of teleportation {unknown}
 t - a scroll of identify
Potions
 o - a potion of mutation
 s - a potion of haste


   Skills:
 + Level 2.7 Fighting
 + Level 2.8 Dodging
 * Level 4.6 Unarmed Combat
 + Level 3.7 Shapeshifting


You had 4 spell levels left.
You didn't know any spells.
Your spell library was empty.

Dungeon Overview and Level Annotations

Branches:
Dungeon (3/15)              Sewer (1/1)

Altars:
Xom

Shops:
D:2 [


Innate Abilities, Weirdness & Mutations

You are a hulking beast.
Your limbs bulge with bestial killing power. (Slay +2)
Your plain brown scales are hard. (AC +5)
You cannot fit into any form of body armour.
You are cold-blooded and may be slowed by cold attacks.
You have sharp toenails.
You are dopey. (Int -2)
You are somewhat resistant to further mutation.
Your spells are a little harder to cast, but a little more powerful.


Message History

The bullfrog misses you. The ball python barely misses you. x2
The endoplasm hits you but does no damage.
The giant cockroach splashes around in the water.
The bullfrog barely misses you. The bullfrog hits you!
* * * LOW HITPOINT WARNING * * *
The ball python closely misses you. The ball python grabs you.
The ball python constricts you.
It was a potion of mutation.
You feel extremely strange.
You feel stupid.
Your wings grow larger and stronger.
A pair of antennae grows on your head!
You feel less in control of your magic. The endoplasm hits you.
* * * LOW HITPOINT WARNING * * *
The bullfrog hits you.
* * * LOW HITPOINT WARNING * * *
The bullfrog hits you.
* * * LOW HITPOINT WARNING * * *
The giant cockroach bites you but does no damage.
The ball python bites you but does no damage.
The ball python constricts you.
You feel better. The bullfrog hits you.
* * * LOW HITPOINT WARNING * * *
The bullfrog hits you.
* * * LOW HITPOINT WARNING * * *
The endoplasm completely misses you.
The giant cockroach bites you but does no damage.
The ball python bites you.
* * * LOW HITPOINT WARNING * * *
The ball python constricts you.
* * * LOW HITPOINT WARNING * * *
The bullfrog hits you but does no damage. x2
You feel extremely strange.
You float gracefully downwards.
Your wings shrivel and weaken.
The antennae on your head shrink away.
Your toenails lengthen and sharpen.
You feel genetically stable.
The giant cockroach bites you but does no damage.
The endoplasm barely misses you.
The ball python bites you but does no damage.
The ball python constricts you. The bullfrog hits you.
* * * LOW HITPOINT WARNING * * *
The bullfrog hits you.
You die...

##~~.~###~~~~~~.~~~†~~###~~~~#
#~..~##~~~~~#######~~~~~##††~~
##.~.##~~~~###≈≈≈≈≈###~~~.##†~~
#~~~~#~~~~##≈≈~~~≈≈≈≈##.~~~#~~~
##~†.##~~~##≈~...~~~≈≈≈##~~~##~~
#.~††#~~~.#≈~~.$(|..~~≈ #~~~~#~~
#∩.~~#~.~~#~~.?)}.~..~~ #~~~.#.~
#.~~~#~~~.#~~~F$J~~.~~≈ #.~..#~~
##~~~##~††#~~.FhS.~.~≈≈##†.~##~~
#~~.~#~~~#~~..~B..~≈≈##.~~~#.~~
##~~†##~~##..#~~~≈≈###~~.~##~~~
#~~~~##~~#~.#######~~~~.##~.~~
##~~~~#~~##....~..~~~~###~~~~#
##.~~~~~~#..~~~†.~####....~##
####~~~#######~∩~#~~~~~~~##
##~~#~~~..#####~.~~#####
####~~~~~~~~~~.####~~∩#


You could see 2 bullfrogs, an endoplasm, a giant cockroach and a ball python.

Vanquished Creatures
  Robin (D:3)
  8 adders
  14 dart slugs
  An orc (D:3)
  8 bats
  6 endoplasms (Sewer)
  11 giant cockroaches
  6 goblins
  5 hobgoblins
  7 jackals
  A quokka (D:2)
  7 ball pythons
  15 frilled lizards
  6 kobolds
  5 rats
  A butterfly (D:3)
102 creatures vanquished.

Notes
Turn   | Place    | Note
-------+----------+-------------------------------------------
     0 | D:1      | nel the Draconian Shapeshifter began the quest for the Orb.
     0 | D:1      | Reached XP level 1. HP: 16/16 MP: 1/1
    74 | D:1      | Found a faded altar of an unknown god.
   106 | D:1      | Reached XP level 2. HP: 21/23 MP: 2/2
   875 | D:2      | Reached XP level 3. HP: 29/29 MP: 3/3
  1366 | D:2      | Found Memamm's Antique Armour Shop.
  1585 | D:3      | Found a shimmering altar of Xom.
  1593 | D:3      | Noticed Robin
  1631 | D:3      | Killed Robin
  1793 | D:3      | Reached XP level 4. HP: 36/36 MP: 4/4
  2011 | D:3      | Found a glowing drain.
  2030 | D:3      | Reached skill level 4 in Unarmed Combat
  2052 | Sewer    | Entered a sewer
  2221 | Sewer    | Reached XP level 5. HP: 41/42 MP: 5/5
  2423 | Sewer    | Gained mutation: You are dopey. (Int -2) [potion of
                  | mutation]
  2423 | Sewer    | Gained mutation: Your large and strong wings let you fly.
                  | [potion of mutation]
  2423 | Sewer    | Gained mutation: You have a pair of small antennae on your
                  | head. [potion of mutation]
  2423 | Sewer    | Gained mutation: Your spells are a little harder to cast,
                  | but a little more powerful. [potion of mutation]
  2425 | Sewer    | Lost mutation: Your large and strong wings let you fly.
                  | [potion of mutation]
  2425 | Sewer    | Lost mutation: You have a pair of small antennae on your
                  | head. [potion of mutation]
  2425 | Sewer    | Gained mutation: You have sharp toenails. [potion of
                  | mutation]
  2425 | Sewer    | Gained mutation: You are somewhat resistant to further
                  | mutation. [potion of mutation]
  2425 | Sewer    | HP: 2/42 [bullfrog (2)]
  2425 | Sewer    | Slain by a bullfrog

Illustrated notes

Levels and vault maps discovered:
D:1:      evilmike_arrival_crescent, layout_loops_ring,
          hellmonk_ecumenical_altar_dog_temple
D:2:      cheibrodos_helix_gallery, layout_basic, serial_corexii_hall,
          corexii_hall_statues_s, chequers_hall_statues_corner_a, serial_shops,
          nicolae_shop_behind_doors, minivault_25, hangedman_decor_peaks_small
D:3:      layout_basic, xom_butterflies, gup_sewer_entry_glass, uniq_robin
Sewer:    sewer_frog_island_02

Skill      XL: |  1  2  3  4 |
---------------+-------------+-----
Dodging        | 2 |  2.8
Fighting       | 2 |  2.7
Unarmed Combat | 4 |  4.6
Shapeshifting  | |  3.7

Action                     |  1- 3 |  4- 6 || total
---------------------------+-------+-------++-------
  Melee: Unarmed           |   124 |   152 ||   276
         Tailslap          |     8 |     9 ||    17
         Punch             |     2 |     4 ||     6
  Throw: Dart              |       |     2 ||     2
    Use: Scroll            |     3 |       ||     3
         Potion            |       |     6 ||     6
   Stab: Sleeping          |     1 |       ||     1
 Armour: Skin              |    75 |   145 ||   220
  Dodge: Dodged            |    64 |   109 ||   173

Table legend: (Time is in decaauts)
 A = Elapsed time spent in this place.
 B = Non-inter-level travel time spent in this place.
 C = Inter-level travel time spent in this place.
 D = Time resting spent in this place.
 E = Time spent auto-exploring this place.
 F = Levels seen in this place.
 G = Mean time per level.
                   A        B        C        D        E       F      G
               +--------+--------+--------+--------+--------+-----+--------+
         Total |   2486 |   2405 |     81 |      0 |   1625 |   4 |  621.5 |
       Dungeon |   2044 |   1963 |     81 |      0 |   1486 |   3 |  681.3 |
         Sewer |    442 |    442 |      0 |      0 |    139 |   1 |  442.0 |
               +--------+--------+--------+--------+--------+-----+--------+

Top non-repeatable levels by time:
     D:1: 814 daAuts
     D:2: 706 daAuts
     D:3: 523 daAuts
   Sewer: 442 daAuts
